 Dungeon Crawl Stone Soup version 0.31-a0-851-g7ff8af7976 (webtiles) character file.

Game seed: 4311621745662081762

25750 Sabo the Cleaver (level 12, -8/96 HPs)
             Began as a Demonspawn Gladiator on Sept 23, 2023.
             Was a High Priest of Qazlal.
             Mangled by a 19-headed hydra (9 damage)
             ... on level 14 of the Dungeon on Oct 7, 2023.
             The game lasted 01:29:14 (15418 turns).

Sabo the Cleaver (Demonspawn Gladiator)            Turns: 15418, Time: 01:29:15

Health: -8/96      AC: 42    Str: 18    XL:     12   Next: 92%
Magic:  0/12       EV: 12    Int: 11    God:    Qazlal [*****.]
Gold:   954        SH:  6    Dex: 15    Spells: 11/11 levels left

rFire   . . .        P - +7 battleaxe
rCold   . . .        (shield currently unavailable)
rNeg    . . .        r - +6 plate armour of Burning Contentment {Fly}
rPois   .            c - +1 helmet
rElec   .            G - +1 cloak
rCorr   .            v - +0 pair of gloves
SInv    .            C - +0 pair of boots
Will    .....        j - amulet of guardian spirit Stlth
                     i - +5 ring of evasion
HPRegen 0.36/turn    m - +4 ring of protection
MPRegen 0.13/turn

%: repel missiles, guardian spirit
@: protected from physical damage, sanguine armoured, flying
A: claws 2, spiny 2, sanguine armour 2
a: Renounce Religion, Upheaval, Elemental Force, Disaster Area


You were on level 14 of the Dungeon.
You worshipped Qazlal.
Qazlal was extremely pleased with you.
You visited 1 branch of the dungeon, and saw 14 of its levels.

You collected 954 gold pieces.

Inventory:

Hand Weapons
 f - a +0 arbalest
 P - a +7 battleaxe (weapon)
Missiles
 d - 4 throwing nets
 e - a javelin
 u - 38 poisoned darts (quivered)
 I - 5 darts of dispersal
Armour
 c - a +1 helmet (worn)
 r - the +6 plate armour of Burning Contentment (worn) {Fly}
   (You found it on level 8 of the Dungeon)

   Fly:       It grants you flight.
 v - a +0 pair of gloves (worn)
 C - a +0 pair of boots (worn)
 G - a +1 cloak (worn)
Jewellery
 i - a +5 ring of evasion (left hand)
 j - an amulet of guardian spirit (around neck)
 m - a +4 ring of protection (right hand)
 J - a ring of positive energy
 K - a +6 ring of dexterity
 M - an amulet of reflection
Wands
 a - a wand of quicksilver (7)
 w - a wand of polymorph (2)
 A - a wand of paralysis (6)
 B - a wand of iceblast (9)
 E - a wand of digging (8)
Scrolls
 k - 7 scrolls of fog
 n - 3 scrolls of teleportation
 O - a scroll of blinking
 Q - 3 scrolls of poison
Potions
 b - a potion of resistance
 g - 6 potions of curing
 l - a potion of berserk rage
 p - a potion of enlightenment
 q - a potion of might {unknown}
 t - 2 potions of invisibility
 x - a potion of magic {unknown}
 z - 2 potions of haste
 H - a potion of mutation
Miscellaneous
 F - a tin of tremorstones (2/2)


   Skills:
 + Level 9.4 Fighting
 + Level 14.2 Axes
 + Level 2.1 Throwing
 + Level 7.7 Armour
 + Level 5.1 Dodging
 + Level 1.7 Stealth
 + Level 7.9 Shields
 + Level 0.1 Evocations


You had 11 spell levels left.
You didn't know any spells.
Your spell library contained the following spells:

 Spells                   Type           Power      Damage    Failure   Level
 Freeze                   Ice            0%         1d3       100%        1
 Necrotise                Necr           0%         1d4       100%        1
 Ensorcelled Hibernation  Hex/Ice        0%         N/A       100%        2
 Passwall                 Tmut/Erth      0%         N/A       100%        2
 Frozen Ramparts          Ice            0%         1d1       100%        3
 Hailstorm                Conj/Ice       0%         3d3       100%        3
 Swiftness                Air            0%         N/A       100%        3
 Vampiric Draining        Necr           0%         2d6       100%        3
 Passage of Golubria      Tloc           0%         N/A       100%        4
 Agony                    Necr           0%         N/A       100%        5
 Silence                  Hex/Air        0%         N/A       100%        5
 Simulacrum               Ice/Necr       0%         N/A       100%        6
 Ozocubu's Refrigeration  Ice            0%         4d7       100%        7
 Lehudib's Crystal Spear  Conj/Erth      0%         10d2      100%        8
 Polar Vortex             Ice            0%         N/A       100%        9


Dungeon Overview and Level Annotations

Branches:
Dungeon (14/15)            Temple (0/1) D:5            Lair (0/5) D:11
    Orc (0/2) D:9
 Vaults: D:13-14

Altars:
Ashenzari
Hepliaklqana
Makhleb
Qazlal
Sif Muna
Wu Jian

Shops:
D:6 (

Annotations:
D:4 zazu2006's ghost, novice GnWn


Innate Abilities, Weirdness & Mutations

You have very sharp fingernails.
You are mostly covered in sharp spines.
When seriously injured, your blood forms thick armour. (AC +9)


Message History

The 18-headed hydra bites you but does no damage.
The 18-headed hydra closely misses you. The 18-headed hydra bites you!
* * * LOW HITPOINT WARNING * * *
The 18-headed hydra bites you but does no damage.
The 18-headed hydra completely misses you.
The 18-headed hydra bites you but does no damage. x3
The 18-headed hydra barely misses you. x2; The 18-headed hydra misses you.
The 18-headed hydra bites you but does no damage.
The 18-headed hydra barely misses you.
The 18-headed hydra bites you but does no damage. x2
The 18-headed hydra closely misses you. x2
The 18-headed hydra bites you but does no damage.
You feel better. The 18-headed hydra barely misses you.
The 18-headed hydra bites you but does no damage.
The 18-headed hydra barely misses you. The 18-headed hydra bites you!
* * * LOW HITPOINT WARNING * * *
You block the 18-headed hydra's attack.
The 18-headed hydra bites you but does no damage. x3
The 18-headed hydra misses you.
The 18-headed hydra bites you but does no damage.
The 18-headed hydra bites you.
* * * LOW HITPOINT WARNING * * *
The 18-headed hydra barely misses you.
The 18-headed hydra closely misses you. x2
The 18-headed hydra misses you.
The 18-headed hydra bites you but does no damage. x3
You lop one of the 18-headed hydra's heads off!
The 17-headed hydra grows two more!
You hit the 19-headed hydra.
The 19-headed hydra is severely wounded.
You block the 19-headed hydra's attack.
The 19-headed hydra bites you but does no damage.
The 19-headed hydra closely misses you. The 19-headed hydra barely misses you.
The 19-headed hydra bites you.
* * * LOW HITPOINT WARNING * * *
The 19-headed hydra bites you but does no damage. x3
The 19-headed hydra bites you!
* * * LOW HITPOINT WARNING * * *
You feel more protected from physical attacks.
The 19-headed hydra bites you but does no damage.
The 19-headed hydra bites you!
You die...

...#.# #.#..... ..#)# #.#>.#..
#.#.#########.... ..#####
#.#.............. .....♣♣♣
#...#####...#..!####..##~~♣~
#........................~~~
#...#############'#.....♣♣♣♣
#.#.# #./....'..##.♣♣♣
####.#.#########@D####.......♣
...............#..#.......####
#...#..........#.<#.......#
#..............####.......#
########..................#
#........##........#
#........##........#
#..................####
########...............[....)#


You could see a 19-headed hydra.

Vanquished Creatures
  Jorgrun (D:12)
  The ghost of Fack the Blocker, a journeyman GnFi of Gozag (D:13)
  A hydra (D:14)
  2 boulder beetles
  5 two-headed ogres
  A wizard (D:14)
  A deep elf pyromancer (D:14)
  3 ugly things (D:13)
  3 cyclopes
  A gargoyle (D:13)
  2 unseen horrors (D:12)
  A rime drake (D:11)
  3 kobold demonologists (D:9)
  A freezing wraith (D:14)
  A polar bear (D:11)
  7 trolls
  A hornet (D:9)
  A blink frog (shapeshifter) (D:10)
  4 shadows
  A wyvern (D:10)
  2 vampires
  6 wraiths
  4 yaks (D:12)
  A steam dragon (D:8)
  11 vampire mosquitoes
  Menkaure (D:7)
  2 acid dragons
  2 water moccasins
  A floating eye (shapeshifter) (D:13)
  12 orc warriors
  2 black bears
  6 ice beasts
  4 boggarts (D:14)
  5 wolves (D:11)
  4 ogres
  11 centaurs
  A phantom (D:7)
  5 kobold brigands (D:9)
  Blork the orc (D:5)
  3 gnoll sergeants
  2 bullfrogs
  3 scorpions
  5 wights (D:8)
  7 killer bees
  6 howler monkeys
  A bullfrog zombie (D:4)
  6 hounds
  6 orc priests
  A bullfrog skeleton (D:4)
  A gnoll bouda (D:6)
  2 sleepcaps
  5 iguanas
  18 orc wizards
  A killer bee zombie (D:4)
  20 gnolls
  5 adders
  2 shadow imps
  2 white imps
  3 worms
  2 dart slugs
  34 orcs
  5 ball pythons
  A bat (D:3)
  6 endoplasms
  3 giant cockroaches
  3 goblins
  5 hobgoblins
  4 jackals (D:2)
  3 quokkas
  2 frilled lizards (D:2)
  13 kobolds
  4 rats
306 creatures vanquished.

Notes
Turn   | Place    | Note
-------+----------+-------------------------------------------
     0 | D:1      | Sabo the Demonspawn Gladiator began the quest for the Orb.
     0 | D:1      | Reached XP level 1. HP: 16/16 MP: 1/1
   509 | D:2      | Gained mutation: When seriously injured, your blood forms
                  | armour. (AC +9) [demonic ancestry]
   509 | D:2      | Reached XP level 2. HP: 22/22 MP: 2/2
   543 | D:2      | Reached skill level 3 in Axes
  1138 | D:2      | Reached XP level 3. HP: 28/28 MP: 3/3
  1336 | D:2      | Upgraded the game from 0.31-a0-819-gf6de2f5ab6 to
                  | 0.31-a0-833-gc15d34cb79
  2373 | D:4      | Reached XP level 4. HP: 34/34 MP: 4/4
  2618 | D:4      | Reached skill level 1 in Armour
  2793 | D:4      | Reached skill level 1 in Shields
  2811 | D:4      | Gained mutation: You have sharp fingernails. [demonic
                  | ancestry]
  2811 | D:4      | Reached XP level 5. HP: 36/39 MP: 5/5
  3134 | D:4      | Noticed zazu2006's ghost (novice GnWn)
  3135 | D:4      | Found a runed translucent gate.
  3135 | D:4      | Found a runed translucent gate.
  3135 | D:4      | Found a runed translucent gate.
  3300 | D:4      | Reached skill level 4 in Axes
  3374 | D:4      | Upgraded the game from 0.31-a0-833-gc15d34cb79 to
                  | 0.31-a0-836-g3ceb0a68c4
  3688 | D:5      | Entered Level 5 of the Dungeon
  3743 | D:5      | Noticed an ogre
  3777 | D:5      | Noticed an ogre
  3781 | D:5      | Killed an ogre
  3782 | D:5      | Gained mutation: When seriously injured, your blood forms
                  | thick armour. (AC +9) [demonic ancestry]
  3782 | D:5      | Reached XP level 6. HP: 46/46 MP: 3/6
  3789 | D:5      | Reached skill level 5 in Axes
  3892 | D:5      | Reached XP level 7. HP: 39/52 MP: 7/7
  4096 | D:5      | Identified the +0 ring mail of Somewhere Else {Rampage}
  4347 | D:5      | Found a burning altar of Makhleb.
  4348 | D:5      | Found a shimmering blue altar of Sif Muna.
  4372 | D:5      | Found a broken altar of Ashenzari.
  4373 | D:5      | Found a hazy altar of Hepliaklqana.
  4373 | D:5      | Found a stormy altar of Qazlal.
  4408 | D:5      | Became a worshipper of Qazlal Stormbringer
  4433 | D:5      | Found a staircase to the Ecumenical Temple.
  4525 | D:5      | Noticed Blork the orc
  4537 | D:5      | Killed Blork the orc
  4613 | D:5      | Reached skill level 6 in Axes
  4643 | D:5      | Gained mutation: You are partially covered in sharp spines.
                  | [demonic ancestry]
  4643 | D:5      | Reached XP level 8. HP: 32/60 MP: 6/8
  5449 | D:6      | Reached * piety under Qazlal
  5830 | D:6      | Reached skill level 7 in Axes
  5981 | D:6      | Identified the +6 rapier of the Secret Tusks {holy, Stlth+}
  5994 | D:6      | Found Okyhaamn's Antique Weapon Shop.
  6542 | D:7      | Reached skill level 1 in Stealth
  6572 | D:7      | Noticed Menkaure
  6592 | D:7      | Killed Menkaure
  6728 | D:7      | Gained mutation: You have very sharp fingernails. [demonic
                  | ancestry]
  6728 | D:7      | Reached XP level 9. HP: 55/66 MP: 7/9
  6960 | D:7      | Reached skill level 5 in Fighting
  7074 | D:7      | Reached skill level 8 in Axes
  7143 | D:7      | Upgraded the game from 0.31-a0-836-g3ceb0a68c4 to
                  | 0.31-a0-851-g7ff8af7976
  7634 | D:7      | Reached skill level 5 in Shields
  7926 | D:8      | Identified the +6 plate armour of Burning Contentment {Fly}
  7949 | D:8      | Reached ** piety under Qazlal
  8563 | D:8      | Reached skill level 5 in Armour
  9053 | D:9      | Reached XP level 10. HP: 71/74 MP: 10/10
  9155 | D:9      | Noticed a two-headed ogre
  9164 | D:9      | Killed a two-headed ogre
  9165 | D:9      | Reached skill level 9 in Axes
  9496 | D:9      | Reached *** piety under Qazlal
  9548 | D:9      | Reached skill level 10 in Axes
  9690 | D:9      | Found an ornate altar of the Wu Jian Council.
  9824 | D:9      | Found a staircase to the Orcish Mines.
  9858 | D:9      | Reached XP level 11. HP: 37/83 MP: 1/11
 10284 | D:10     | Entered Level 10 of the Dungeon
 10465 | D:10     | Reached skill level 11 in Axes
 10611 | D:10     | Reached **** piety under Qazlal
 11401 | D:11     | Found a staircase to the Lair.
 11438 | D:11     | You are sucked into a shaft and drop 3 floors!
 11493 | D:14     | Noticed a seven-headed hydra
 11510 | D:14     | Killed an 11-headed hydra
 11588 | D:14     | Noticed a boulder beetle
 11603 | D:14     | Killed a boulder beetle
 11604 | D:14     | Reached skill level 12 in Axes
 11677 | D:12     | Noticed Jorgrun
 11695 | D:12     | Killed Jorgrun
 11696 | D:12     | Gained mutation: You are mostly covered in sharp spines.
                  | [demonic ancestry]
 11696 | D:12     | Reached XP level 12. HP: 55/92 MP: 8/12
 11959 | D:11     | Noticed a two-headed ogre
 11971 | D:11     | Killed a two-headed ogre
 12120 | D:11     | Noticed a boulder beetle
 12131 | D:11     | Killed a boulder beetle
 12132 | D:11     | Reached skill level 13 in Axes
 13118 | D:12     | Reached skill level 5 in Dodging
 13644 | D:13     | Noticed a two-headed ogre
 13654 | D:13     | Killed a two-headed ogre
 13900 | D:13     | Noticed a two-headed ogre
 13907 | D:13     | Killed a two-headed ogre
 14060 | D:13     | Found a runed translucent door.
 14060 | D:13     | Noticed Fack's ghost (journeyman GnFi)
 14084 | D:13     | Killed Fack's ghost
 15020 | D:14     | Reached skill level 14 in Axes
 15108 | D:14     | Noticed a death knight
 15111 | D:14     | Noticed a seven-headed hydra
 15112 | D:14     | Noticed a tengu warrior
 15112 | D:14     | Noticed a tengu warrior
 15139 | D:14     | Noticed a two-headed ogre
 15145 | D:14     | Killed a two-headed ogre
 15145 | D:14     | Reached ***** piety under Qazlal
 15418 | D:14     | HP: 1/96 [19-headed hydra (6)]
 15418 | D:14     | Mangled by a 19-headed hydra

Illustrated notes

Levels and vault maps discovered:
D:1:      heliophobic_arrival_battle_scene, layout_rooms, serial_park_tiny_1,
          minmay_tripent
D:2:      layout_basic
D:3:      layout_basic, minmay_strange_pillars, chequers_hall_statues_y,
          chequers_jeans
D:4:      layout_gridville, gammafunk_ghost_necromancy
D:5:      layout_rooms, grunt_temple_overflow_open, minmay_temple_entry_tees,
          minmay_circle_x, uniq_blork_the_orc
D:6:      layout_loops_corners, serial_shops, shop_fountains,
          chequers_serial_rivers_micro_c, chequers_serial_rivers_micro_b
D:7:      nicolae_whirlpool, layout_basic, uniq_menkaure
D:8:      layout_basic
D:9:      layout_cave_pools, kennysheep_little_box,
          kennysheep_orc_monster_closet_entryway, serial_column_ruins,
          column_ruins_hut_ruined, column_ruins_hut, column_ruins_open_small,
          column_ruins_corridor_dead_end, column_ruins_grid_1,
          column_ruins_columns_straight, column_ruins_grid_1,
          column_ruins_open_small, column_ruins_corridor_straight
D:10:     layout_basic
D:11:     layout_stronghold, hellmonk_lair_entry_icy, gauntlet_entry_generic
D:12:     layout_cave_pools, uniq_jorgrun
D:13:     layout_grid_maze, ebering_ghost_inner_flame
D:14:     layout_stronghold, david_vaults_4, reono_crystal_passage,
          minmay_misc_feat_x, serial_bayou_crossing

Skill      XL: |  1  2  3  4  5  6  7  8  9 10 11 12 |
---------------+-------------------------------------+-----
Dodging        | 3 4 5 |  5.1
Axes           | 3 4 5 6 7 8 10 12 14 | 14.2
Armour         | 1 2 4 5 6 7 |  7.7
Shields        | 1 2 3 6 7 |  7.9
Fighting       | 3 4 5 6 8 9 |  9.4
Stealth        | 1 |  1.7
Throwing       | 2 |  2.1
Evocations     | |  0.1

Action                     |  1- 3 |  4- 6 |  7- 9 | 10-12 || total
---------------------------+-------+-------+-------+-------++-------
  Melee: War axe           |   110 |    70 |   370 |       ||   550
         Battleaxe         |       |       |     7 |   390 ||   397
  Throw: Throwing net      |       |       |     1 |       ||     1
         Dart              |       |       |     5 |       ||     5
  Evoke: Wand              |       |       |     1 |       ||     1
    Use: Scroll            |     7 |     3 |     4 |     7 ||    21
         Potion            |       |       |     2 |     5 ||     7
 Armour: Leather armour    |    21 |       |       |       ||    21
         Chain mail        |    35 |    83 |    35 |       ||   153
         Scale mail        |       |       |   220 |       ||   220
         Plate armour      |       |       |    42 |   561 ||   603
  Dodge: Dodged            |    66 |    61 |   325 |   364 ||   816
         Repelled          |       |       |       |     3 ||     3
  Block: Kite shield       |    31 |    46 |   295 |       ||   372
         Other             |       |       |     2 |   138 ||   140

Table legend: (Time is in decaauts)
 A = Elapsed time spent in this place.
 B = Non-inter-level travel time spent in this place.
 C = Inter-level travel time spent in this place.
 D = Time resting spent in this place.
 E = Time spent auto-exploring this place.
 F = Levels seen in this place.
 G = Mean time per level.
                   A        B        C        D        E       F      G
               +--------+--------+--------+--------+--------+-----+--------+
         Total |  15699 |  15699 |      0 |   2927 |     18 |  14 | 1121.4 |
       Dungeon |  15699 |  15699 |      0 |   2927 |     18 |  14 | 1121.4 |
               +--------+--------+--------+--------+--------+-----+--------+

Top non-repeatable levels by time:
     D:4: 1646 daAuts
    D:13: 1452 daAuts
     D:6: 1433 daAuts
    D:11: 1319 daAuts
     D:7: 1313 daAuts
     D:5: 1281 daAuts
     D:8: 1269 daAuts
     D:9: 1267 daAuts
     D:2: 1128 daAuts
    D:10: 1054 daAuts
    D:12: 730 daAuts
     D:3: 687 daAuts
    D:14: 605 daAuts
     D:1: 510 daAuts
